AoeStats
← ᅚᅚᅚᅚ

Lombardia

509234768Analyzed
4v4 RM · 5d ago on Sep 26, 2026· 22m 15s· 8 players
Game mode
Random Map
Map size
Large (8 player)
Population
200
Speed
Normal
Resources
Standard
Victory
Conquest
Starting age
Dark Age
Ending age
Imperial Age
RankedLock teamsTeams togetherTeam positionsShared explorationLock speedFull tech treeHidden civsTurbo modeCheats
Victory
Defeat
🇹🇼 Burgundians · Taiwan
1356
+16
🇨🇳 Magyars · China
1343
+16
🇨🇴 Berbers · Colombia
1341
+16
1293
+18
🇦🇷 Khitans · Argentina
1448
-20
🇲🇽 Georgians · Mexico
1421
-19
🇨🇱 Byzantines · Chile
1284
-14
🇨🇱 Sicilians · Chile
1252
-13
DGKR5507
7:07 Loom
9:21 Feudal Age
11:02 Double-Bit Axe
11:37 Horse Collar
16:05 Scale Barding Armor
23:58 Castle Age
22:09 Gold Mining
lukardo
6:29 Loom
9:00 Feudal Age
10:16 Double-Bit Axe
20:01 Castle Age
18:43 Fletching
20:49 Forging
23:03 Bow Saw
IAMDAGG
11:29 Feudal Age
10:45 Double-Bit Axe
10:42 Horse Collar
15:52 Castle Age
14:11 Bow Saw
15:08 Gold Mining
17:56 Two-Man Saw
17:27 Scale Barding Armor
17:33 Forging
18:56 Two-Man Saw
19:36 Husbandry
22:08 Heavy Plow
TEUTONEN(儒门学习版)
12:01 Feudal Age
16:06 Castle Age
14:09 Double-Bit Axe
14:47 Horse Collar
17:23 Wheelbarrow
16:55 Scale Barding Armor
17:13 Bow Saw
17:19 Loom
18:08 Gold Mining
18:59 Chain Barding Armor
18:48 Heavy Plow
19:54 Forging
21:23 Bloodlines
.|.
6:18 Loom
9:06 Feudal Age
16:54 Castle Age
16:42 Double-Bit Axe
16:40 Horse Collar
lobo
7:12 Loom
9:57 Feudal Age
10:28 Domestication
10:34 Double-Bit Axe
12:28 Forging
14:49 Scale Barding Armor
18:02 Gold Mining
23:30 Castle Age
Pelantaro
6:53 Loom
9:52 Feudal Age
10:24 Town Watch
11:18 Wheelbarrow
10:45 Horse Collar
10:51 Double-Bit Axe
20:34 Castle Age
21:20 Husbandry
21:31 Bloodlines
ᅚᅚᅚᅚ
9:56 Feudal Age
8:47 Loom
18:41 Wheelbarrow
23:10 Castle Age
21:12 Double-Bit Axe
21:08 Horse Collar
21:32 Gold Mining
Connection lost

Rejoining the realm…

Still unreachable

The connection could not be restored.

Session expired

The server has moved on; the page needs a fresh start.